 Dungeon Crawl Stone Soup version 0.31-a0-538-gbc85326fa9 (webtiles) character file.

Game seed: 8115099863505611630

7130 bmack86 the Severer (level 10, 0/79 (84) HPs)
             Began as a Minotaur Fighter on Aug 14, 2023.
             Was an Initiate of Gozag.
             Slain by Jeremiah
             ... wielding a +3 glaive of draining
              (2 damage)
             ... on level 8 of the Dungeon.
             The game lasted 00:22:41 (8012 turns).

bmack86 the Severer (Minotaur Fighter)              Turns: 8012, Time: 00:22:43

HP:   0/79 (84)     AC: 24    Str: 25    XL:     10   Next: 85%
MP:   9/9           EV:  8    Int:  5    God:    Gozag
Gold: 1725          SH:  4    Dex: 10    Spells: 9/9 levels left

rFire   . . .        k - +3 hand axe
rCold   . . .        c - +0 buckler
rNeg    . . .        i - +1 chain mail of Xixtog {+Blink SInv}
rPois   .            h - +2 hat
rElec   .            (no cloak)
rCorr   .            (no gloves)
SInv    +            n - +2 pair of boots
Will    .....        y - amulet of the acrobat Stlth
                     g - +4 ring of protection
HPRegen 0.33/turn    F - +4 ring of protection
MPRegen 0.11/turn

%: acrobat
@: drained
A: horns 2, retaliatory headbutt
a: Renounce Religion, Evoke Blink, Potion Petition, Call Merchant, Bribe Branch


You were on level 8 of the Dungeon.
You worshipped Gozag.
Gozag was most pleased with you.
You visited 2 branches of the dungeon, and saw 10 of its levels.
You also visited: Sewer.

You collected 2067 gold pieces.
You paid 342 gold pieces to Gozag.

Inventory:

Hand Weapons
 a - a +0 war axe
 k - a +3 hand axe (weapon)
Missiles
 m - 6 boomerangs
 r - 5 javelins
 t - 8 curare-tipped darts (quivered)
 H - 4 throwing nets
Armour
 b - a +0 scale mail
 c - a +0 buckler (worn)
 h - a +2 hat (worn)
 i - the +1 chain mail of Xixtog (worn) {+Blink SInv}
   (You found it on level 6 of the Dungeon)

   SInv:      It lets you see invisible.
   +Blink:    It lets you blink.
 n - a +2 pair of boots (worn)
Jewellery
 f - a +6 ring of strength
 g - a +4 ring of protection (left hand)
 q - a ring of resist corrosion
 x - a ring of poison resistance
 y - an amulet of the acrobat (around neck)
 z - an amulet of magic regeneration
 F - a +4 ring of protection (right hand)
 I - a +5 ring of evasion
Wands
 l - a wand of polymorph (19)
 A - a wand of flame (30)
 E - a wand of iceblast (20)
 G - a wand of paralysis (15)
 J - a wand of digging (1)
Scrolls
 j - a scroll of amnesia
 p - 2 scrolls of fog
 u - a scroll of blinking
 D - a scroll of teleportation
Potions
 d - 2 potions of might
 e - 7 potions of curing
 o - a potion of ambrosia
 s - 3 potions of invisibility
 v - a potion of resistance
 w - 2 potions of haste
 B - 2 potions of lignification
 K - a potion of berserk rage


   Skills:
 * Level 6.6 Fighting
 - Level 18.0 Axes
 + Level 5.3 Armour
 - Level 3.6 Shields
 + Level 2.6 Evocations


You had 9 spell levels left.
You didn't know any spells.
Your spell library contained the following spells:

 Spells                   Type           Power      Damage    Failure   Level
 Volatile Blastmotes      Fire/Tloc      0%         2d10      100%        3
 Fulminant Prism          Conj/Hex       0%         3d5       100%        4
 Iskenderun's Mystic Bla  Conj/Tloc      0%         2d3       100%        4
 Summon Ice Beast         Ice/Summ       0%         N/A       100%        4
 Summon Mana Viper        Hex/Summ       0%         N/A       100%        5
 Monstrous Menagerie      Summ           0%         N/A       100%        7


Dungeon Overview and Level Annotations

Branches:
Dungeon (9/15)             Temple (1/1) D:4           Sewer (visited)
   Lair: D:8-11         Orc: D:9-12

Altars:
Ashenzari
Cheibriados
Dithmenos
Elyvilon
Fedhas
Gozag
Hepliaklqana
Kikubaaqudgha
Makhleb
Nemelex Xobeh
Okawaru
Qazlal
Ru
Sif Muna
Uskayaw
Vehumet
Wu Jian
Xom
Yredelemnul
Zin
The Shining One

Shops:
D:6 *

Annotations:
D:8 Jeremiah


Innate Abilities, Weirdness & Mutations

You have a pair of horns on your head.
You reflexively headbutt those who attack you in melee.


Message History

You kill the butterfly!
The butterfly disappears in a burst of colours!
You slash the butterfly!
You kill the butterfly!
The butterfly disappears in a burst of colours!
You miss the butterfly.
The butterfly disappears in a burst of colours!
You slash Jeremiah!
Jeremiah is severely wounded.
Jeremiah completely misses you. You furiously retaliate!
You headbutt Jeremiah. You hit Jeremiah but do no damage.
Jeremiah is almost dead.
You slash the butterfly!
You kill the butterfly!
The butterfly disappears in a burst of colours!
You slash the butterfly!
You kill the butterfly!
The butterfly disappears in a burst of colours!
You barely miss the butterfly.
Jeremiah mumbles a slurred invocation.
Something smites you!
* * * LOW HITPOINT WARNING * * *
You barely miss Jeremiah.
Jeremiah is almost dead.
You barely miss the butterfly. You hit the butterfly.
You kill the butterfly!
The butterfly disappears in a burst of colours!
You closely miss Jeremiah.
Jeremiah is almost dead.
You hit the butterfly.
You kill the butterfly!
The butterfly disappears in a burst of colours!
You hit the butterfly.
You kill the butterfly!
The butterfly disappears in a burst of colours!
Jeremiah hits you with a +3 glaive of draining!
* * * LOW HITPOINT WARNING * * *
You feel drained.
You die...
Your body crumbles into a pile of gold.

..'..b......# #..b......#
##### ###### ######...#
#...###....###...##...##
#................)$...:#
#...............$).....#
#......................#...#
#...###...###....###..##...###
#...###...###@...###..##...##.
#...........bFb...............
#............b................
#.<.......<.................c.
#.............................
#.............................
#...##....##.##b..##...##..##.
#...##....##+##...##...#######
#....#........#...#.....#


You could see Jeremiah.

Vanquished Creatures
  Harold (D:9)
  Pikel (D:5)
  Maurice (D:8)
  Grinder (D:4)
  5 yaks (D:9)
  A wyvern (D:9)
  2 steam dragons
  Edmund (D:5)
  An acid dragon (D:8)
  2 water moccasins
  3 orc warriors
  4 ice beasts
  3 black bears
  2 ogres
  A lemure (D:5)
  6 centaurs
  8 kobold brigands
  3 scorpions (D:6)
  A bullfrog (D:8)
  A water moccasin zombie (D:4)
  4 wights (D:7)
  6 killer bees (D:8)
  2 howler monkeys
  3 hounds
  4 jellies
  A gnoll bouda (D:8)
  7 orc priests
  2 sleepcaps
  6 iguanas
  6 orc wizards
  A hound zombie (D:4)
  4 adders
  4 gnolls
  2 river rats (D:3)
  5 white imps
  3 worms (D:2)
  6 dart slugs
  8 orcs
  8 ball pythons
  8 bats
  14 endoplasms
  7 giant cockroaches
  4 goblins
  5 hobgoblins
  3 jackals (D:1)
  40 kobolds
  5 quokkas
  7 frilled lizards
  4 rats
227 creatures vanquished.

Vanquished Creatures (others)
  An orc wizard (D:9)
1 creature vanquished.

Grand Total: 228 creatures vanquished

Notes
Turn   | Place    | Note
-------+----------+-------------------------------------------
     0 | D:1      | bmack86 the Minotaur Fighter began the quest for the Orb.
     0 | D:1      | Reached XP level 1. HP: 19/19 MP: 0/0
   119 | D:1      | Reached skill level 3 in Axes
   123 | D:1      | Reached XP level 2. HP: 26/26 MP: 1/1
   406 | D:1      | Reached skill level 4 in Axes
   845 | D:2      | Found a shimmering blue altar of Sif Muna.
   851 | D:2      | Reached XP level 3. HP: 22/31 MP: 2/2
  1017 | D:2      | Reached skill level 5 in Axes
  1056 | D:2      | Found a faded altar of an unknown god.
  1305 | D:2      | Reached XP level 4. HP: 39/39 MP: 3/3
  1732 | D:3      | Reached skill level 6 in Axes
  1958 | D:3      | Reached XP level 5. HP: 45/45 MP: 4/4
  2026 | D:3      | Found a glowing drain.
  2030 | Sewer    | Entered a sewer
  2077 | Sewer    | Reached skill level 7 in Axes
  2078 | Sewer    | Reached skill level 8 in Axes
  2078 | Sewer    | Reached XP level 6. HP: 49/51 MP: 5/5
  2756 | D:4      | Identified the +2 robe "Put-Me-On" {rElec rC+}
  2839 | D:4      | Found a staircase to the Ecumenical Temple.
  2853 | Temple   | Entered the Ecumenical Temple
  2926 | Temple   | Became a worshipper of Gozag Ym Sagoz the Greedy
  3048 | D:4      | Noticed Grinder
  3052 | D:4      | Reached skill level 9 in Axes
  3059 | D:4      | Paralysed by Grinder for 3 turns
  3070 | D:4      | Paralysed by Grinder for 3 turns
  3080 | D:4      | Killed Grinder
  3081 | D:4      | Reached XP level 7. HP: 28/57 MP: 6/6
  3472 | D:4      | Reached skill level 10 in Axes
  3551 | D:4      | Found a basalt altar of Yredelemnul.
  3608 | D:4      | You fall into a shaft and drop 1 floor!
  3608 | D:5      | Entered Level 5 of the Dungeon
  3862 | D:5      | Noticed Edmund
  3876 | D:5      | Killed Edmund
  3877 | D:5      | Reached skill level 11 in Axes
  3882 | D:5      | Reached XP level 8. HP: 22/64 MP: 7/7
  4237 | D:5      | Found a sparkling altar of Nemelex Xobeh.
  4460 | D:5      | Reached skill level 12 in Axes
  4570 | D:5      | Noticed Pikel
  4580 | D:5      | Killed Pikel
  4581 | D:5      | Reached skill level 13 in Axes
  4697 | D:6      | Identified the +1 chain mail of Xixtog {+Blink SInv}
  4793 | D:6      | Found Deighumm's General Store.
  4991 | D:6      | Found a snail-covered altar of Cheibriados.
  4994 | D:6      | Found a hide-covered altar of Uskayaw.
  4994 | D:6      | Found an iron altar of Okawaru.
  5029 | D:6      | Reached skill level 14 in Axes
  5029 | D:6      | Reached XP level 9. HP: 66/70 MP: 8/8
  5053 | D:6      | Reached skill level 15 in Axes
  5790 | D:7      | Reached skill level 16 in Axes
  6487 | D:7      | Reached XP level 10. HP: 37/77 MP: 9/9
  6660 | D:8      | Reached skill level 17 in Axes
  6751 | D:8      | Noticed Maurice
  6799 | D:8      | Killed Maurice
  6870 | D:8      | Noticed Jeremiah
  6907 | D:9      | Noticed Harold
  7006 | D:9      | Killed Harold
  7007 | D:9      | Reached skill level 18 in Axes
  7007 | D:9      | Reached skill level 1 in Evocations
  7695 | D:9      | Identified a scroll of acquirement
  7698 | D:9      | Acquired 475 gold pieces
  7735 | D:9      | Reached skill level 5 in Fighting
  7822 | D:9      | Reached skill level 5 in Armour
  8012 | D:8      | HP: 2/81 [Jeremiah/+3 glaive of draining (7)]
  8012 | D:8      | Slain by Jeremiah

Illustrated notes

Levels and vault maps discovered:
D:1:      noname_arrival_rooms_in_the_neighbourhood, layout_loops_corners
D:2:      minmay_razor_zed, layout_rooms, basic_altar,
          hellmonk_ecumenical_altar_run_dry, chequers_serial_rivers_small_b
D:3:      layout_basic, gup_sewer_entry_spiral
D:4:      layout_basic, lemuel_zombie_altar_yredelemnul,
          minmay_temple_entry_offerings, minmay_tree_intersection,
          kennysheep_generic_room_4, uniq_grinder
D:5:      layout_loops_cross, general_overflow_altar, uniq_pikel, uniq_edmund
D:6:      layout_loops_ring, chequers_temple_overflow_statue_of_worship,
          serial_shops, shop, kennysheep_another_room, minmay_alternating_orb
D:7:      layout_basic, david_defended_altar_orc
D:8:      layout_gridville, mainiacjoe_overflow_paths,
          kennysheep_decorative_pillar, uniq_maurice, uniq_erica, uniq_jeremiah
D:9:      layout_loops_cross, uniq_harold
Temple:   minmay_temple_bridge_d

Skill      XL: |  1  2  3  4  5  6  7  8  9 10 |
---------------+-------------------------------+-----
Axes           | 3 4 5 6 8 9 11 14 16 18 | 18.0
Fighting       | 6 |  6.6
Armour         | 5 |  5.3
Evocations     | 2 |  2.6
Shields        | |  3.6

Action                     |  1- 3 |  4- 6 |  7- 9 | 10-12 || total
---------------------------+-------+-------+-------+-------++-------
  Melee: War axe           |    42 |       |       |       ||    42
         Headbutt          |     8 |    16 |    41 |    44 ||   109
         Hand axe          |    22 |   129 |   206 |   208 ||   565
  Throw: Dart              |       |     3 |       |     2 ||     5
 Invoke: Potion Petition   |       |       |       |     1 ||     1
Ability: Evoke Blink       |       |       |       |     1 ||     1
    Use: Scroll            |       |       |    12 |     6 ||    18
         Potion            |       |       |     2 |     2 ||     4
 Armour: Scale mail        |    33 |    50 |    18 |       ||   101
         Chain mail        |       |       |    61 |    83 ||   144
         Skin              |       |       |       |    12 ||    12
  Dodge: Dodged            |    34 |   104 |   100 |    85 ||   323
  Block: Buckler           |    14 |    29 |    28 |    32 ||   103

Table legend: (Time is in decaauts)
 A = Elapsed time spent in this place.
 B = Non-inter-level travel time spent in this place.
 C = Inter-level travel time spent in this place.
 D = Time resting spent in this place.
 E = Time spent auto-exploring this place.
 F = Levels seen in this place.
 G = Mean time per level.
                   A        B        C        D        E       F      G
               +--------+--------+--------+--------+--------+-----+--------+
         Total |   7949 |   7599 |    350 |     58 |   5338 |  11 |  722.6 |
       Dungeon |   7503 |   7297 |    206 |     58 |   5319 |   9 |  833.7 |
        Temple |    146 |      2 |    144 |      0 |      0 |   1 |  146.0 |
         Sewer |    299 |    299 |      0 |      0 |     18 |   1 |  299.0 |
               +--------+--------+--------+--------+--------+-----+--------+

Top non-repeatable levels by time:
     D:7: 1064 daAuts
     D:9: 981 daAuts
     D:5: 955 daAuts
     D:4: 904 daAuts
     D:1: 848 daAuts
     D:3: 832 daAuts
     D:2: 828 daAuts
     D:6: 791 daAuts
   Sewer: 299 daAuts
     D:8: 296 daAuts
  Temple: 146 daAuts
